 Dungeon Crawl Stone Soup version 0.31-a0-816-gd61d57ddb1 (webtiles) character file.

Game seed: 8394344622515116677

1 Nedwor the Trooper (level 1, -1/18 HPs)
             Began as a Demonspawn Fighter on Sept 22, 2023.
             Slain by a kobold
             ... wielding a +0 dagger
              (3 damage)
             ... on level 1 of the Dungeon.
             The game lasted 00:00:15 (22 turns).

Nedwor the Trooper (Demonspawn Fighter)               Turns: 22, Time: 00:00:15

Health: -1/18      AC:  6    Str: 16    XL:     1   Next: 16%
Magic:  1/1        EV:  8    Int:  9    God:
Gold:   0          SH:  4    Dex: 12    Spells: 0/0 levels left

rFire   . . .        a - +0 rapier
rCold   . . .        c - +0 buckler
rNeg    . . .        b - +0 scale mail
rPois   .            (no helmet)
rElec   .            (no cloak)
rCorr   .            (no gloves)
SInv    .            (no boots)
Will    .....        (no amulet) Stlth
                     (no ring)
HPRegen 0.23/turn    (no ring)
MPRegen 0.07/turn

%: no passive effects
@: no status effects
A: no striking features
a: no special abilities


You were on level 1 of the Dungeon.
You visited 1 branch of the dungeon, and saw 1 of its levels.

Inventory:

Hand Weapons
 a - a +0 rapier (weapon)
Armour
 b - a +0 scale mail (worn)
 c - a +0 buckler (worn)
Potions
 d - a potion of might


   Skills:
 + Level 3.0 Fighting
 * Level 1.8 Short Blades
 + Level 2.7 Armour
 + Level 2.7 Shields


You couldn't memorise any spells.
You didn't know any spells.
Your spell library was empty.

Dungeon Overview and Level Annotations

Branches:
Dungeon (1/15)

Altars:


Message History

You are too injured to fight recklessly!
Unknown command.
You are too injured to fight recklessly!
There are monsters nearby!
The jackal barks!
The goblin attacks as it pursues you! The goblin hits you but does no damage.
The kobold hits you but does no damage. The kobold attacks as it pursues you!
The kobold hits you with a +0 short sword.
The rat attacks as it pursues you! The rat bites you.
You see here 6 gold pieces.
The goblin attacks as it pursues you! The goblin barely misses you.
You hit the goblin.
The goblin is severely wounded.
The goblin hits you but does no damage. The jackal barely misses you.
You completely miss the goblin.
The goblin is severely wounded.
The jackal barely misses you.
A kobold comes into view. It is wielding a +0 dagger.
The goblin hits you with a +0 dagger.
* * * LOW HITPOINT WARNING * * *
You barely miss the goblin.
The goblin is severely wounded.
The jackal bites you but does no damage.
The goblin hits you but does no damage. The jackal closely misses you.
You hit the goblin but do no damage.
The goblin is severely wounded.
The jackal completely misses you. The goblin hits you with a +0 dagger.
* * * LOW HITPOINT WARNING * * *
The jackal bites you.
* * * LOW HITPOINT WARNING * * *
You barely miss the goblin.
The goblin is severely wounded.
The goblin hits you but does no damage.
The jackal bites you but does no damage.
The kobold hits you but does no damage. The goblin barely misses you.
You closely miss the goblin.
The goblin is severely wounded.
The jackal barely misses you. The kobold hits you with a +0 dagger.
You die...

..... h....
.....######
...h..#rK#### ..
#.....#h@#.#..#
#.....K#g#.#.#....
#......#g....#....
#....K$#...#.....
#.#.....#...#.....
#..##...........
##[..##..#.#..#
###....#.#.#...
#.......#<#....


You could see a jackal, a hobgoblin, a goblin, 2 kobolds and a rat.

Vanquished Creatures
  A hobgoblin (D:1)
1 creature vanquished.

Notes
Turn   | Place    | Note
-------+----------+-------------------------------------------
     0 | D:1      | Nedwor the Demonspawn Fighter began the quest for the Orb.
     0 | D:1      | Reached XP level 1. HP: 18/18 MP: 1/1
    22 | D:1      | Slain by a kobold

Illustrated notes

Levels and vault maps discovered:
D:1:      spicycebolla_arrival_xxxplode, layout_basic,
          shapermc_ecumenical_altar_pompeii

Action                     || total
---------------------------++-------
  Melee: Rapier            ||    13
 Armour: Scale mail        ||    27
  Dodge: Dodged            ||    13
  Block: Buckler           ||     3

Table legend: (Time is in decaauts)
 A = Elapsed time spent in this place.
 B = Non-inter-level travel time spent in this place.
 C = Inter-level travel time spent in this place.
 D = Time resting spent in this place.
 E = Time spent auto-exploring this place.
 F = Levels seen in this place.
 G = Mean time per level.
                   A        B        C        D        E       F      G
               +--------+--------+--------+--------+--------+-----+--------+
         Total |     24 |     24 |      0 |      0 |      1 |   1 |   24.0 |
       Dungeon |     24 |     24 |      0 |      0 |      1 |   1 |   24.0 |
               +--------+--------+--------+--------+--------+-----+--------+

Top non-repeatable levels by time:
     D:1: 24 daAuts
